 Dungeon Crawl Stone Soup version 0.20.0 (webtiles) character file.

554283 BarneyGumball the Slayer (level 26, -3/177 HPs)
             Began as a Gargoyle Fighter on June 3, 2017.
             Was a High Priest of the Shining One.
             Killed from afar by a starcursed mass (8 damage)
             ... with an accursed screaming
             ... on level 3 of the Abyss.
             The game lasted 06:06:55 (68484 turns).

BarneyGumball the Slayer (Gargoyle Fighter)        Turns: 68484, Time: 06:06:56

Health: -3/177     AC: 48    Str: 25      XL:     26   Next: 42%
Magic:  9/32       EV: 12    Int: 12 (13) God:    the Shining One [*****.]
Gold:   2982       SH: 31    Dex: 11 (12) Spells: 23/33 levels left

rFire    + + +     SeeInvis .   b - +9 sacred scourge (holy)
rCold    + . .     Gourm    .   T - +5 shield {reflect}
rNeg     + + +     Faith    +   g - +1 gold dragon scales
rPois    ∞         Spirit   .   q - +1 helmet of Cotudach {*Contam rF+ rN+ Str+4}
rElec    +         Reflect  +   z - +1 cloak
rCorr    .         Harm     .   R - +0 pair of gloves of Nuhaer {Int+2 Slay+3}
MR       ++...                  i - +2 pair of boots
Stlth    ..........             S - amulet of faith
Regen    0.4/turn               h - ring of protection from magic
MPRegen  0.3/turn               U - ring of Toqi {Wiz rF+ rN+}

@: divine shield, glowing
A: big wings, [blurry vision 1], [clumsy 1], [deformed body], deterioration 1,
negative energy resistance 1, electricity resistance, [weak 2], unbreathing,
petrification resistance, rot immunity, AC +19
}: 3/15 runes: barnacled, silver, gossamer
a: Fly, Divine Shield, Cleansing Flame, Summon Divine Warrior, Renounce Religion


You were on level 3 of the Abyss.
You worshipped the Shining One.
The Shining One was extremely pleased with you.
You were very hungry.

You visited 8 branches of the dungeon, and saw 42 of its levels.
You visited the Abyss 1 time.
You visited 1 bazaar.
You also visited: Sewer and Ossuary.

You collected 6280 gold pieces.
You spent 3298 gold pieces at shops.

Inventory:

Hand Weapons
 a - the +4 hand axe "Cur Yxuh" {speed, *Noise Str+6 Dex+4 SInv}
   (You found it on level 7 of the Dungeon)

   Attacks with this weapon are significantly faster.
   It affects your strength (+6).
   It affects your dexterity (+4).
   It lets you see invisible.
   It may make noises in combat.
 b - a +9 sacred scourge of holy wrath (weapon)
 V - the +8 battleaxe "Jocze" {antimagic, rF+ rN+}
   (You bought it in a shop in a bazaar)

   It reduces the magical energy of the wielder, and disrupts the spells and
   magical abilities of those hit.
   Natural abilities and divine invocations are not affected.
   It protects you from fire.
   It protects you from negative energy.
Armour
 g - +1 gold dragon scales (worn)
 i - a +2 pair of boots (worn)
 q - the +1 helmet of Cotudach (worn) {*Contam rF+ rN+ Str+4}
   (You bought it in a shop on level 2 of the Orcish Mines)

   It affects your strength (+4).
   It protects you from fire.
   It protects you from negative energy.
   It causes magical contamination when unequipped.
 u - the +3 scale mail of the Bull {+Blink}
   (You bought it in a shop on level 2 of the Orcish Mines)

   It lets you blink.
 z - a +1 cloak (worn)
 P - +2 fire dragon scales {Xtahua}
 R - the +0 pair of gloves of Nuhaer (worn) {Int+2 Slay+3}
   (You found it on level 4 of the Lair of Beasts)

   It affects your intelligence (+2).
   It affects your accuracy and damage with ranged weapons and melee attacks
   (+3).
 T - a +5 shield of reflection (worn)
Jewellery
 h - a ring of protection from magic (left hand)
 K - an uncursed ring of protection from cold
 S - an amulet of faith (around neck)
 U - the ring of Toqi (right hand) {Wiz rF+ rN+}
   (You acquired it on level 4 of the Shoals)

   [ring of wizardry]

   It improves your spell success rate.
   It protects you from fire.
   It protects you from negative energy.
Wands
 d - a wand of disintegration (8/24)
 r - a wand of scattershot (3/9)
 y - a wand of iceblast (9/15)
 N - a wand of confusion (11/48)
 X - a wand of paralysis (7/24)
Scrolls
 e - 4 scrolls of enchant weapon
 k - 2 scrolls of holy word
 m - 8 scrolls of amnesia
 n - 8 scrolls of immolation
 o - a scroll of brand weapon
 p - 16 scrolls of remove curse
 v - 4 scrolls of identify
 B - 14 scrolls of recharging
 C - 10 scrolls of teleportation
 G - 8 scrolls of magic mapping
 J - 2 scrolls of fear
 L - 2 scrolls of silence
Potions
 j - a potion of resistance
 l - 2 potions of cancellation
 w - 5 potions of ambrosia
 x - 2 potions of magic
 I - 4 potions of brilliance
 W - 2 potions of lignification
Miscellaneous
 M - 2 boxes of beasts
Comestibles
 c - 16 fruits
 f - 27 bread rations
 t - 13 meat rations
 H - 19 royal jellies


   Skills:
 - Level 21.3 Fighting
 - Level 15.9(16.6) Axes
 - Level 9.2(14.2) Maces & Flails
 * Level 19.6 Armour
 + Level 14.9 Dodging
 + Level 18.8 Shields
 - Level 4.3 Spellcasting
 - Level 4.0 Charms
 - Level 3.0 Translocations
 - Level 10.3 Air Magic
 - Level 12.0 Invocations
 - Level 12.3 Evocations


You had 23 spell levels left.
You knew the following spells:

 Your Spells              Type           Power        Failure   Level  Hunger
a - Swiftness             Chrm/Air       ###.....     11%         2    ##.....
b - Airstrike             Air            ####......   19%         4    ####...
c - Song of Slaying       Chrm           ##......     34%         2    ##.....
d - Shroud of Golubria    Chrm/Tloc      ##........   41%         2    ##.....


Dungeon Overview and Level Annotations

Branches:
Dungeon (15/15)            Temple (1/1) D:7            Lair (6/6) D:10
 Shoals (4/4) Lair:4       Spider (4/4) Lair:3        Slime (0/5) Lair:5
    Orc (2/2) D:9             Elf (0/3) Orc:2        Vaults (5/5) D:13
  Crypt (0/3) Vaults:3     Depths (5/5) D:15            Zot (0/5) Depths:5

Altars:
Ashenzari
Dithmenos
Fedhas
Gozag
Hepliaklqana
Kikubaaqudgha
Makhleb
Nemelex Xobeh
Sif Muna
Trog
Uskayaw
Vehumet
Xom
Zin
The Shining One
Beogh
Jiyva

Shops:
D:5 [   D:6 (   D:8 !   D:10 %*   D:11 =%}[[   D:13 *   Orc:2 :**(   Shoals:4 (
Vaults:1 (   Vaults:4 *   Vaults:5 [[   Depths:1 }==

Portals:
Hell: Depths:1 Depths:2 Depths:3 Depths:4 Depths:5
Abyss: Depths:2 Depths:4 Depths:5
Pandemonium: Depths:3 Depths:4 Depths:5
Ziggurat: Depths:2

Annotations:
Lair:5 exclusion: 4 oklob plants


Innate Abilities, Weirdness & Mutations

You are resistant to torment.
Your stone body is resilient. (AC +19)
You are immune to poison.
Your large and strong wings let you fly indefinitely.
You resist negative energy. (rN+)
You are resistant to electric shocks. (rElec)
You can survive without breathing.
You are immune to petrification.
You are immune to rotting.
Your body sometimes deteriorates upon taking damage.
[Scrolls take you a little longer to read.]
[You are clumsy. (Dex -2)]
[Armour fits poorly on your strangely shaped body.]
[You are very weak. (Str -4)]


Message History

The floor.
Okay, then.
Really read with blurry vision while enemies are nearby?
The glowing orange brain blinks!
The lich mumbles some strange words.
The lich seems to speed up.
You begin reading the scroll.
You continue reading the scroll.
The entropy weaver struggles against the net. x2
The net rips apart, and the entropy weaver comes free!
As you read the scroll of fear, it crumbles to dust.
You assume a fearsome visage.
The starcursed mass is unaffected.
The starspawn tentacle is unaffected.
The tentacled starspawn is unaffected.
The entropy weaver looks frightened!
The glowing orange brain looks frightened!
The quicksilver dragon resists with almost no effort.
The chaos spawn is unaffected.
The lich is unaffected.
The smoke demon is unaffected.
A starcursed mass splits.
A chorus of shrieks assaults your mind.
You die...

.. # . . P . # .
## ###.#... # . ..
# #.##..# . . #.
W.. . # ... #.
##3#.†# .P # #.#
##D#...#.# #
#..#.###4#L.....#
#....@.GaXwX......
.
#...#..#####X..#.#
.# . #..##...
#.####. #..##
..### . .... .. .
##.. . ... . #. #
. . #. . # .


You could see 2 starcursed masses, a tentacled starspawn, a lich, an entropy
weaver (fleeing), a glowing orange brain (fleeing), a chaos spawn and a
starspawn tentacle.

Vanquished Creatures
  An ancient lich (Depths:5)
  6 juggernauts
  Margery (Vaults:5)
  Frederick (Depths:4)
  3 caustic shrikes
  4 golden dragons
  10 tentacled monstrosities
  3 quicksilver dragons
  2 liches
  4 titans (Vaults:5)
  3 sphinxes
  Kirke (Lair:6)
  A kraken (Shoals:4)
  4 storm dragons
  A thorn hunter (Abyss:3)
  10 tengu reavers
  6 shadow dragons
  A nagaraja (Abyss:3)
  Ilsuiw (Shoals:4)
  4 ghost moths
  7 fire giants
  A deep elf sorcerer (Depths:2)
  13 vault wardens
  21 frost giants
  A reaper (Depths:1)
  2 orc warlords
  2 ghouls
  An iron dragon (Depths:4)
  5 emperor scorpions
  3 deep elf elementalists
  14 ironheart preservers
  4 entropy weavers
  A war gargoyle (Vaults:4)
  19 stone giants
  A draconian annihilator (Depths:5)
  21 very ugly things
  A vampire knight (Depths:3)
  The ghost of Quarterback16 the Bludgeoner, a journeyman HOBe of Trog (Orc:2)
  5 deep elf annihilators
  A deep elf demonologist (Vaults:5)
  6 spark wasps
  3 merfolk javelineers (Shoals:4)
  8 merfolk impalers
  2 crystal guardians
  14 ettins
  2 deep elf death magi (Vaults:5)
  3 jiangshi
  Snorg (D:11)
  6 great orbs of eyes
  10 fire dragons
  16 yaktaur captains
  16 ogre magi
  4 rakshasas
  4 deep elf high priests
  35 vault guards
  10 ice dragons
  A hydra (shapeshifter) (Depths:3)
  5 merfolk avatars
  A spriggan air mage (Depths:4)
  6 merfolk aquamancers
  6 hydras
  A death knight (Vaults:1)
  An alligator snapping turtle (Shoals:2)
  8 centaur warriors
  52 two-headed ogres
  3 vampire magi
  A dancing weapon (Vaults:5)
  An alligator (shapeshifter) (Depths:5)
  14 deep troll shamans
  Erica (D:11)
  3 death yaks
  6 death scarabs (Spider:4)
  14 deep troll earth magi
  A tengu warrior (Depths:1)
  A satyr (Shoals:4)
  2 spriggan berserkers
  Nergalle (Orc:1)
  Sonja (Lair:2)
  6 iron trolls
  6 skeletal warriors
  4 deep elf knights
  4 wretched stars (Abyss:3)
  2 spatial maelstroms (Abyss:3)
  35 deep trolls
  A fire crab (shapeshifter) (D:13)
  6 unseen horrors
  10 sea snakes
  36 hell knights
  20 large abominations
  4 flayed ghosts
  4 glowing orange brains
  2 spectral wolf spiders (Spider:4)
  An anaconda skeleton (Abyss:3)
  14 orc knights
  17 harpies
  A harpy (shapeshifter) (Vaults:2)
  16 orb spiders
  A lindwurm (shapeshifter) (Depths:3)
  6 deep elf archers
  14 necromancers
  6 phantasmal warriors
  A wizard (Depths:1)
  14 manticores
  15 ironbrand convokers
  A tengu skeleton (Vaults:5)
  37 ugly things
  29 wolf spiders
  2 orc sorcerers
  3 worldbinders
  16 deep elf magi
  3 cyclopes
  15 fauns
  4 centaur zombies
  An iron dragon skeleton (Abyss:1)
  An apocalypse crab (Abyss:3)
  A guardian serpent (Abyss:3)
  3 moths of wrath
  16 merfolk sirens
  An elephant (Lair:6)
  4 black mambas
  A human skeleton (Vaults:5)
  6 water nymphs
  A guardian serpent (shapeshifter) (Vaults:4)
  3 torpor snails
  A rust devil (Depths:1)
  10 spiny frogs
  17 vault sentinels
  A storm dragon simulacrum (Vaults:5)
  An orange demon (Abyss:3)
  A spiny frog (shapeshifter) (Depths:5)
  Psyche (D:10)
  11 demonic crawlers
  A yaktaur zombie (Vaults:3)
  7 rime drakes
  2 spectral redbacks (Spider:4)
  5 freezing wraiths
  4 efreet
  25 yaktaurs
  2 redback zombies (Spider:4)
  12 komodo dragons
  A yaktaur skeleton (Vaults:3)
  4 tengu conjurers
  A harpy zombie (D:14)
  A queen bee (shapeshifter) (Vaults:3)
  A jumping spider (shapeshifter) (Vaults:4)
  34 merfolk
  6 trolls
  42 jumping spiders
  An ancient zyme (Abyss:3)
  14 hornets
  6 spectral tarantellas
  4 tarantella zombies (Spider:4)
  5 polar bears
  3 spectral jumping spiders (Spider:4)
  4 wind drakes
  18 blink frogs
  27 slime creatures
  2 dream sheep
  13 hippogriffs
  3 snapping turtles
  2 fire giant simulacra (Vaults:3)
  A centaur simulacrum (D:15)
  A raiju (Abyss:3)
  24 water elementals
  81 redbacks
  2 vampires
  A tarantella (shapeshifter) (Depths:4)
  31 tarantellas
  6 ynoxinuls
  2 wraiths
  2 air elementals (Depths:4)
  66 yaks
  2 basilisks
  Eustachio (D:6)
  A golden eye (shapeshifter) (Vaults:3)
  A human (D:7)
  6 wyverns
  A steam dragon (Lair:4)
  A human (shapeshifter) (Vaults:5)
  9 hogs
  2 hogs (shapeshifter)
  7 chaos spawn
  3 hungry ghosts
  3 neqoxecs
  13 small abominations
  2 wargs
  7 spatial vortices (Abyss:3)
  4 acid dragons
  A floating eye (Depths:3)
  14 water moccasins
  Duvessa (D:4)
  15 porcupines
  A water moccasin (shapeshifter) (Vaults:1)
  45 orc warriors
  A hornet zombie (Spider:4)
  5 sky beasts
  A boggart (shapeshifter) (Depths:2)
  2 black bears
  An ice beast (D:5)
  41 ogres
  5 phantoms
  A wolf (shapeshifter) (D:13)
  2 boggarts
  An elf skeleton (Vaults:5)
  20 centaurs
  10 wolves
  19 crocodiles
  4 big kobolds
  A glowing shapeshifter simulacrum (Vaults:2)
  21 bullfrogs
  Dowan (D:4)
  4 scorpions
  A wyvern skeleton (D:9)
  2 troll zombies (D:9)
  13 killer bees
  2 howler monkeys
  8 wights
  An electric eel (Lair:3)
  4 crimson imps
  6 hounds
  A quasit (Abyss:1)
  19 starcursed masses
  2 bullfrog zombies
  A gnoll shaman (D:7)
  5 jellies
  28 orc wizards
  17 orc priests
  2 bullfrog skeletons
  3 centaur skeletons
  5 iguanas
  3 worker ants
  A killer bee zombie (D:9)
  4 ogre zombies (D:9)
  2 hound zombies
  2 hound skeletons (D:8)
  A mummy (Ossuary)
  A howler monkey skeleton (D:10)
  10 adders
  9 gnolls
  3 river rats (Sewer)
  2 shadow imps
  An ufetubus (Abyss:3)
  An adder zombie (D:5)
  2 adder skeletons
  3 dart slugs (D:1)
  10 leopard geckos
  86 orcs
  2 bat zombies (D:9)
  11 giant cockroaches
  7 goblins
  6 hobgoblins
  5 jackals
  36 kobolds
  4 quokkas
  9 bats
  3 frilled lizards
  11 gnoll skeletons (Ossuary)
  A goblin skeleton (D:9)
  3 hobgoblin zombies (D:9)
  A jackal skeleton (D:4)
  2 kobold skeletons (Ossuary)
  A leopard gecko skeleton (D:8)
  A leopard gecko zombie (D:6)
  16 orc skeletons
  10 orc zombies (D:9)
  9 rats
  A rat zombie (D:9)
  A crawling corpse (Vaults:5)
  A fungus (Lair:3)
  A lurking horror (Abyss:3)
  13 plants
  A tentacle (Shoals:4)
2062 creatures vanquished.

Vanquished Creatures (collateral kills)
  A juggernaut (Depths:5)
  Xtahua (Vaults:2)
  A golden dragon (Vaults:5)
  Jory (Vaults:5)
  Nikola (Shoals:2)
  A lich (Abyss:3)
  Jorgrun (Vaults:2)
  Asterion (Spider:3)
  A quicksilver dragon (Vaults:5)
  2 titans
  A sphinx (Vaults:4)
  A tengu reaver (Depths:5)
  3 fire giants
  3 vault wardens
  An ironheart preserver (Vaults:3)
  A war gargoyle (Vaults:5)
  An entropy weaver (Abyss:3)
  2 very ugly things
  A vampire knight (Vaults:3)
  2 deep elf demonologists
  2 stone giants
  A spark wasp (Depths:2)
  A deep elf death mage (Vaults:4)
  A merfolk impaler (Shoals:4)
  A fire dragon (Depths:2)
  A great orb of eyes (Depths:5)
  2 vault guards (Vaults:3)
  2 deep elf high priests
  An alligator snapping turtle (shapeshifter) (Vaults:5)
  2 centaur warriors
  9 two-headed ogres
  A merfolk aquamancer (Shoals:4)
  An alligator snapping turtle (Shoals:2)
  A deep troll shaman (Vaults:1)
  2 death scarabs (Spider:4)
  3 thrashing horrors (Abyss:3)
  2 deep elf knights (Vaults:3)
  A spectral emperor scorpion (Spider:4)
  3 wretched stars (Abyss:3)
  A sixfirhy (Abyss:3)
  2 skeletal warriors (Vaults:1)
  An unseen horror (Abyss:3)
  3 sea snakes (Shoals:4)
  A deep troll (Vaults:1)
  2 deep elf archers
  A deep elf mage (Vaults:3)
  A spectral wolf spider (Spider:4)
  2 harpies (Vaults:5)
  2 large abominations (Abyss:3)
  3 orc knights
  4 ironbrand convokers
  4 ugly things (Vaults:1)
  2 manticores
  2 fauns
  A slime creature (Vaults:3)
  A worldbinder (Abyss:3)
  An orc sorcerer (Vaults:3)
  An apocalypse crab (Abyss:3)
  2 rust devils (Abyss:3)
  A moth of wrath (Spider:4)
  6 vault sentinels
  A water nymph (Shoals:4)
  3 smoke demons (Abyss:3)
  2 yaktaurs
  2 demonic crawlers (Spider:4)
  An ancient zyme (Abyss:3)
  A freezing wraith (Vaults:1)
  A hornet (Spider:4)
  4 merfolk
  A queen bee (shapeshifter) (Vaults:1)
  A wind drake (Shoals:4)
  4 raiju (Abyss:3)
  A jumping spider zombie (Spider:4)
  A dream sheep (shapeshifter) (Vaults:4)
  2 spectral jumping spiders (Spider:4)
  2 snapping turtles (Shoals:4)
  A chaos spawn (Abyss:3)
  A spatial vortex (Abyss:3)
  2 small abominations (Abyss:3)
  5 ogres
  A boggart (Vaults:3)
  2 ufetubi (Abyss:3)
  2 orcs (Vaults:1)
  A tentacle (Shoals:4)
150 creatures vanquished.

Vanquished Creatures (others)
  A fire giant (Vaults:3)
  A stone giant (Depths:1)
  A merfolk javelineer (Shoals:2)
  3 yaktaur captains
  A satyr (Shoals:4)
  A centaur warrior (Vaults:1)
  A wolf spider (Spider:1)
  A cyclops (Orc:2)
  6 yaktaurs
  A merfolk (Shoals:4)
  A water elemental (Depths:2)
  3 centaurs
  4 orcs (Orc:2)
  A briar patch (Abyss:3)
  13 fungi
  A lurking horror (Abyss:1)
  A pillar of salt (Vaults:2)
  59 plants
  A starspawn tentacle (Abyss:3)
  8 tentacles (Shoals:4)
109 creatures vanquished.

Grand Total: 2321 creatures vanquished

Notes
Turn   | Place    | Note
-------+----------+-------------------------------------------
     0 | D:1      | BarneyGumball the Gargoyle Fighter began the quest for the Orb.
     0 | D:1      | Reached XP level 1. HP: 14/14 MP: 1/1
    75 | D:1      | Reached XP level 2. HP: 15/19 MP: 2/2
   467 | D:1      | Reached XP level 3. HP: 23/23 MP: 3/3
   705 | D:2      | Found a blossoming altar of Fedhas.
   851 | D:2      | Reached XP level 4. HP: 28/29 MP: 4/4
  1507 | D:3      | Reached skill level 4 in Fighting
  1617 | D:3      | Found a glowing drain.
  1621 | Sewer    | Entered a sewer
  1655 | Sewer    | Reached XP level 5. HP: 18/33 MP: 5/5
  1853 | Sewer    | Noticed a big kobold
  1876 | Sewer    | Killed a big kobold
  1905 | Sewer    | Found a white marble altar of Elyvilon.
  2191 | D:3      | Found a hazy altar of Hepliaklqana.
  2355 | D:4      | Noticed an ogre
  2363 | D:3      | Killed an ogre
  2363 | D:3      | Reached XP level 6. HP: 34/39 MP: 6/6
  2484 | D:4      | Noticed Duvessa
  2537 | D:4      | Killed Duvessa
  2537 | D:4      | Reached skill level 5 in Fighting
  2537 | D:4      | Reached skill level 5 in Maces & Flails
  2537 | D:4      | Reached skill level 5 in Shields
  2640 | D:4      | Reached XP level 7. HP: 40/44 MP: 7/7
  2753 | D:4      | Noticed Dowan
  2761 | D:4      | Killed Dowan
  3803 | D:5      | Entered Level 5 of the Dungeon
  3911 | D:5      | Found a shadowy altar of Dithmenos.
  4023 | D:5      | Reached XP level 8. HP: 37/51 MP: 8/8
  4068 | D:5      | Found a sand-covered staircase.
  4073 | Ossuary  | Entered an ossuary
  4073 | Ossuary  | Noticed a wraith
  4073 | Ossuary  | Noticed a wraith
  4073 | Ossuary  | Noticed a wraith
  4283 | Ossuary  | Reached skill level 6 in Fighting
  4290 | Ossuary  | Noticed a wraith
  4357 | D:5      | Killed a wraith
  4578 | D:5      | Found Olitog's Armour Emporium.
  6003 | D:6      | Noticed Eustachio
  6091 | D:6      | Killed Eustachio
  6091 | D:6      | Reached skill level 7 in Fighting
  6091 | D:6      | Reached XP level 9. HP: 46/57 MP: 9/9
  6552 | D:6      | Found Roloeh's Antique Weapon Shop.
  6731 | D:7      | Found a burning altar of Makhleb.
  7736 | D:7      | Found a glowing silver altar of Zin.
  7739 | D:7      | Got a brightly glowing hand axe
  7777 | D:7      | Identified the +4 hand axe "Cur Yxuh" {speed, *Noise Str+6 Dex+4 SInv} (You found it on level 7 of the Dungeon)
  7844 | D:7      | Reached skill level 1 in Axes
  7926 | D:7      | Reached skill level 8 in Fighting
  8303 | D:8      | Reached XP level 10. HP: 62/64 MP: 10/10
  8365 | D:8      | Found Lugod's Distillery.
  8377 | D:8      | Bought a potion of ambrosia for 80 gold pieces
  8377 | D:8      | Bought a potion of curing for 30 gold pieces
  8377 | D:8      | Bought a potion of agility for 40 gold pieces
  8377 | D:8      | Bought a potion of resistance for 100 gold pieces
  8645 | D:8      | Found a sparkling altar of Nemelex Xobeh.
  8645 | D:8      | Found a deep blue altar of Sif Muna.
  9482 | D:9      | Found an ancient bone altar of Kikubaaqudgha.
  9513 | D:9      | Noticed a two-headed ogre
  9608 | D:9      | Found a shattered altar of Ashenzari.
  9692 | D:9      | Reached skill level 9 in Fighting
  9762 | D:9      | Reached skill level 5 in Axes
 10122 | D:9      | Noticed a two-headed ogre
 10136 | D:10     | Entered Level 10 of the Dungeon
 10165 | D:10     | Found Butzaalu's Food Boutique.
 10173 | D:10     | Bought a bread ration for 65 gold pieces
 10173 | D:10     | Bought a meat ration for 65 gold pieces
 10173 | D:10     | Bought a bread ration for 65 gold pieces
 10352 | D:10     | Found a staircase to the Lair.
 10472 | D:10     | Noticed a deep elf mage
 10490 | D:10     | Killed a deep elf mage
 10490 | D:10     | Reached XP level 11. HP: 52/72 MP: 11/11
 10778 | D:10     | Noticed Psyche
 10790 | D:10     | Killed Psyche
 10809 | D:10     | Noticed a two-headed ogre
 10865 | D:10     | Killed a two-headed ogre
 10865 | D:10     | Reached skill level 10 in Fighting
 10978 | D:10     | Found Midghes's Assorted Antiques.
 11437 | D:9      | Killed a two-headed ogre
 11632 | D:11     | Noticed a purple ugly thing
 11754 | D:11     | Found Exosed's Food Shoppe.
 11766 | D:11     | Found Mekk's Jewellery Shop.
 11782 | D:11     | Found Rarghaag's Gadget Shop.
 11782 | D:11     | Found Asull's Antique Armour Shoppe.
 11782 | D:11     | Noticed Erica
 11794 | D:11     | Killed Erica
 11794 | D:11     | Reached skill level 10 in Shields
 11938 | D:11     | Noticed a two-headed ogre
 11957 | D:11     | Killed a two-headed ogre
 12473 | D:11     | Noticed a manticore
 12489 | D:11     | Killed a manticore
 12489 | D:11     | Reached skill level 11 in Fighting
 12669 | D:9      | Found a staircase to the Orcish Mines.
 12811 | D:7      | Found a staircase to the Ecumenical Temple.
 12822 | Temple   | Entered the Ecumenical Temple
 12849 | Temple   | Became a worshipper of the Shining One
 12994 | D:9      | Found a burning altar of Makhleb.
 12995 | D:9      | Found a radiant altar of Vehumet.
 13315 | D:8      | Reached XP level 12. HP: 71/80 MP: 12/12
 13686 | Lair:1   | Entered Level 1 of the Lair of Beasts
 13705 | Lair:1   | Noticed a four-headed hydra
 14052 | D:10     | Killed a one-headed hydra
 14052 | D:10     | Reached skill level 1 in Invocations
 14430 | Lair:1   | Noticed a two-headed ogre
 14456 | Lair:1   | Killed a two-headed ogre
 14472 | Lair:1   | Reached skill level 10 in Axes
 15415 | Lair:2   | Noticed a seven-headed hydra
 15449 | Lair:1   | Killed a one-headed hydra
 15997 | Lair:2   | Reached skill level 5 in Invocations
 16071 | Lair:2   | Noticed Sonja
 16129 | Lair:2   | Killed Sonja
 16166 | Lair:2   | Reached * piety under the Shining One
 16387 | Lair:3   | Noticed a five-headed hydra
 16396 | Lair:3   | Killed a one-headed hydra
 16396 | Lair:3   | Reached XP level 13. HP: 72/84 MP: 14/17
 17130 | Lair:3   | Found a hole to the Spider Nest.
 17740 | Lair:4   | Got a pair of fine gloves
 17746 | Lair:4   | Identified the cursed +0 pair of gloves of Nuhaer {Int+2 Slay+3} (You found it on level 4 of the Lair of Beasts)
 18369 | Lair:4   | Found a staircase to the Shoals.
 19213 | Lair:5   | Reached ** piety under the Shining One
 19676 | Lair:5   | Found a viscous altar of Jiyva.
 19677 | Lair:5   | Found a staircase to the Slime Pits.
 20080 | Lair:6   | Entered Level 6 of the Lair of Beasts
 20230 | Lair:6   | Gained mutation: Your large and strong wings let you fly indefinitely. [Gargoyle growth]
 20230 | Lair:6   | Reached XP level 14. HP: 77/90 MP: 20/20
 21455 | Lair:6   | Noticed Kirke
 21476 | Lair:6   | Killed Kirke
 21513 | Lair:6   | Reached *** piety under the Shining One
 22486 | D:10     | Bought a meat ration for 65 gold pieces
 22486 | D:10     | Bought a bread ration for 65 gold pieces
 22486 | D:10     | Bought a bread ration for 65 gold pieces
 22486 | D:10     | Bought a meat ration for 65 gold pieces
 22486 | D:10     | Bought a bread ration for 65 gold pieces
 22486 | D:10     | Bought a meat ration for 65 gold pieces
 22486 | D:10     | Bought a bread ration for 65 gold pieces
 22536 | Orc:1    | Entered Level 1 of the Orcish Mines
 22759 | Orc:1    | Noticed an orc warlord
 22884 | D:9      | Killed an orc warlord
 23036 | Orc:1    | Found a roughly hewn altar of Beogh.
 23039 | Orc:1    | Noticed Nergalle
 23112 | Orc:1    | Killed Nergalle
 23538 | Orc:2    | Entered Level 2 of the Orcish Mines
 23598 | Orc:2    | Reached skill level 10 in Invocations
 23611 | Orc:2    | Noticed Quarterback16's ghost (journeyman HOBe)
 23872 | Orc:2    | Reached **** piety under the Shining One
 24395 | Orc:2    | Reached XP level 15. HP: 68/94 MP: 22/22
 25283 | Orc:2    | Killed Quarterback16's ghost
 25668 | Orc:2    | Found Mounloha's Assorted Antiques.
 25668 | Orc:2    | Found Cogetz's Assorted Antiques.
 25670 | Orc:2    | Found Iquit's Book Shop.
 25672 | Orc:2    | Found Pimearij's Antique Weapon Shoppe.
 25678 | Orc:2    | Bought a scroll labeled UVOIFU ZONT for 27 gold pieces
 25678 | Orc:2    | Bought a warped helmet for 256 gold pieces
 25678 | Orc:2    | Bought a dazzling scale mail for 243 gold pieces
 25680 | Orc:2    | Identified the +3 scale mail of the Bull {+Blink} (You bought it in a shop on level 2 of the Orcish Mines)
 25701 | Orc:2    | Identified the +1 helmet of Cotudach {*Contam rF+ rN+ Str+4} (You bought it in a shop on level 2 of the Orcish Mines)
 25744 | Orc:2    | Found a staircase to the Elven Halls.
 26261 | Spider:1 | Entered Level 1 of the Spider Nest
 26766 | Spider:1 | Reached ***** piety under the Shining One
 26801 | Spider:1 | Reached skill level 15 in Axes
 27204 | Spider:1 | Noticed an emperor scorpion
 27264 | Spider:1 | Killed an emperor scorpion
 28672 | Spider:2 | Noticed an emperor scorpion
 29060 | Spider:1 | Killed an emperor scorpion
 29723 | Spider:3 | Noticed a ghost moth
 29838 | Spider:3 | Noticed an emperor scorpion
 30079 | Spider:1 | Killed a ghost moth
 30241 | Spider:2 | Reached skill level 15 in Shields
 30562 | Spider:2 | Reached XP level 16. HP: 57/100 MP: 24/24
 31463 | Spider:3 | Learned a level 2 spell: Swiftness
 31468 | Spider:3 | Learned a level 4 spell: Airstrike
 31531 | Spider:2 | Reached skill level 1 in Evocations
 32494 | Spider:4 | Entered Level 4 of the Spider Nest
 32578 | Spider:4 | Reached ****** piety under the Shining One
 32614 | Spider:3 | Reached skill level 12 in Fighting
 33414 | Spider:4 | Noticed Asterion
 33979 | Spider:4 | Reached skill level 13 in Fighting
 34359 | Spider:3 | Killed Asterion
 34786 | Spider:4 | Reached skill level 1 in Air Magic
 34819 | Spider:4 | Reached skill level 5 in Evocations
 35035 | Spider:4 | Reached XP level 17. HP: 56/110 MP: 26/26
 35415 | Spider:4 | Reached skill level 14 in Fighting
 35946 | Spider:4 | Got a gossamer rune of Zot
 36186 | Lair:3   | Identified a sacred scourge of holy wrath {god gift} (a demon whip of electrocution blessed by the Shining One)
 36186 | Lair:3   | Received a gift from the Shining One
 36243 | Shoals:1 | Entered Level 1 of the Shoals
 36805 | Shoals:1 | Reached skill level 15 in Fighting
 36902 | Shoals:2 | Noticed Nikola
 36947 | Shoals:2 | Killed Nikola
 38680 | Shoals:3 | Reached skill level 16 in Fighting
 38895 | Shoals:3 | Reached XP level 18. HP: 58/120 MP: 15/27
 38935 | Shoals:3 | Reached skill level 5 in Air Magic
 39201 | Shoals:4 | Entered Level 4 of the Shoals
 39257 | Shoals:4 | Noticed Ilsuiw
 39307 | Shoals:4 | Killed Ilsuiw
 40148 | Shoals:4 | Found Nytruana's Weapon Boutique.
 40167 | Shoals:4 | Identified a scroll of acquirement
 40217 | Shoals:4 | Got a scorched dire flail {vamp}
 40218 | Shoals:4 | Identified the +4 dire flail of Pestilence {vamp, Fragile Str+9} (You took it off a merfolk on level 4 of the Shoals)
 40400 | Shoals:4 | Got a pitted brass ring
 40402 | Shoals:4 | Identified the ring of Toqi {Wiz rF+ rN+} (You acquired it on level 4 of the Shoals)
 40563 | Shoals:4 | Reached skill level 17 in Fighting
 41183 | Shoals:4 | Got a barnacled rune of Zot
 41379 | D:11     | Noticed Snorg
 41391 | D:11     | Killed Snorg
 41534 | D:11     | Found Layzyps's Antique Armour Shop.
 42479 | D:13     | Found Gozag's Platinum Reserve.
 42479 | D:13     | Found an opulent altar of Gozag.
 43198 | D:13     | Found a gate to the Vaults.
 43936 | D:14     | Found a hazy altar of Hepliaklqana.
 44227 | D:15     | Entered Level 15 of the Dungeon
 44276 | D:15     | Found a staircase to the Depths.
 44701 | D:15     | Reached XP level 19. HP: 130/130 MP: 24/28
 44963 | D:15     | Reached skill level 18 in Fighting
 45336 | Vaults:1 | Entered Level 1 of the Vaults
 45378 | Vaults:1 | Paralysed by an orc sorcerer for 7 turns
 45864 | Vaults:1 | Reached skill level 10 in Evocations
 46226 | Vaults:1 | Got a twisted war axe
 46227 | Vaults:1 | Identified the cursed +2 war axe of Obrimad {chop, Str+3} (You found it on level 1 of the Vaults)
 46423 | Vaults:1 | Reached skill level 19 in Fighting
 46726 | Vaults:1 | Found Liereof's Weapon Shoppe.
 47368 | Vaults:2 | Noticed Xtahua
 47375 | Vaults:2 | Noticed Jorgrun
 47451 | Vaults:2 | Killed Xtahua
 47492 | Vaults:2 | Killed Jorgrun
 48806 | Vaults:2 | Reached XP level 20. HP: 139/139 MP: 26/29
 50019 | Vaults:3 | Reached skill level 20 in Fighting
 50566 | Vaults:3 | Found a staircase to the Crypt.
 51075 | Vaults:3 | Got a translucent steel amulet
 51076 | Vaults:3 | Identified the amulet "Henout" {Reflect Str-3 Int-5 SH+3 SInv Stlth+} (You acquired it on level 3 of the Vaults)
 51696 | Vaults:4 | Got a dazzling lajatang
 51710 | Vaults:4 | Identified the +7 lajatang of Dim Light {holy, SInv} (You found it on level 4 of the Vaults)
 52080 | Vaults:4 | Reached skill level 10 in Air Magic
 52303 | Vaults:4 | Reached XP level 21. HP: 134/148 MP: 30/30
 52343 | Vaults:4 | Reached skill level 21 in Fighting
 52420 | Vaults:4 | Found Etuakam's Assorted Antiques.
 52437 | Vaults:4 | Bought a scroll labeled UMEDOI RUNUL for 42 gold pieces
 52437 | Vaults:4 | Bought a scroll of identify for 84 gold pieces
 52437 | Vaults:4 | Bought 3 scrolls of teleportation for 378 gold pieces
 53255 | Vaults:4 | Reached skill level 1 in Dodging
 53713 | Depths:1 | Entered Level 1 of the Depths
 53800 | Depths:1 | Found a gateway to Hell.
 53881 | Depths:1 | Reached skill level 5 in Armour
 54510 | Depths:1 | Learned a level 2 spell: Song of Slaying
 54513 | Depths:1 | Learned a level 2 spell: Shroud of Golubria
 54774 | Depths:1 | Reached skill level 1 in Spellcasting
 54812 | Depths:1 | Reached skill level 1 in Charms
 54874 | Depths:1 | Found Huriosur's Gadget Boutique.
 54874 | Depths:1 | Found Usoosat's Jewellery Shoppe.
 54875 | Depths:1 | Found Maall's Jewellery Shoppe.
 54885 | Depths:1 | Bought a box of beasts for 260 gold pieces
 55044 | Depths:1 | Reached skill level 5 in Dodging
 55478 | Depths:2 | Found a flickering gateway to a bazaar.
 55486 | Bazaar   | Entered a bazaar
 55486 | Bazaar   | Found Kaecw's Magic Scroll Shop.
 55486 | Bazaar   | Found Hitib's Weapon Emporium.
 55486 | Bazaar   | Found Viahi's Antique Weapon Shop.
 55486 | Bazaar   | Found Piozxuli's Book Shoppe.
 55488 | Bazaar   | Found Ynadela's Food Boutique.
 55548 | Bazaar   | Bought a transparent battleaxe for 368 gold pieces
 55548 | Bazaar   | Identified the +8 battleaxe "Jocze" {antimagic, rF+ rN+} (You bought it in a shop in a bazaar)
 55552 | Bazaar   | Bought a royal jelly for 14 gold pieces
 55552 | Bazaar   | Bought a fruit for 10 gold pieces
 55552 | Bazaar   | Bought 2 fruits for 21 gold pieces
 55552 | Bazaar   | Bought a royal jelly for 14 gold pieces
 55552 | Bazaar   | Bought a royal jelly for 14 gold pieces
 55552 | Bazaar   | Bought 4 fruits for 42 gold pieces
 55552 | Bazaar   | Bought 4 fruits for 42 gold pieces
 55552 | Bazaar   | Bought a fruit for 10 gold pieces
 55552 | Bazaar   | Bought a royal jelly for 14 gold pieces
 55552 | Bazaar   | Bought a bread ration for 35 gold pieces
 55558 | Bazaar   | Bought 2 scrolls of magic mapping for 77 gold pieces
 55558 | Bazaar   | Bought a scroll of amnesia for 38 gold pieces
 55558 | Bazaar   | Bought a scroll of immolation for 38 gold pieces
 55558 | Bazaar   | Bought a scroll of teleportation for 33 gold pieces
 55558 | Bazaar   | Bought a scroll of identify for 22 gold pieces
 55558 | Bazaar   | Bought a scroll of identify for 22 gold pieces
 55586 | Depths:2 | Found a gateway to a ziggurat.
 55651 | Depths:2 | Reached XP level 22. HP: 155/155 MP: 28/31
 56234 | Depths:2 | Reached skill level 1 in Translocations
 56472 | Depths:2 | Noticed a golden dragon
 56485 | Depths:2 | Killed a golden dragon
 56610 | Depths:2 | Found a one-way gate to the infinite horrors of the Abyss.
 56625 | Depths:2 | Paralysed by a sphinx for 4 turns
 57143 | Depths:3 | Found a one-way gate leading to the halls of Pandemonium.
 57494 | Depths:3 | Noticed a juggernaut
 58057 | Depths:3 | Reached skill level 10 in Armour
 58098 | Depths:3 | Noticed a caustic shrike
 58114 | Depths:3 | Killed a caustic shrike
 58388 | Depths:3 | Noticed a juggernaut
 58405 | Depths:3 | Killed a juggernaut
 58814 | Depths:3 | Noticed a golden dragon
 58825 | Depths:3 | Killed a golden dragon
 59380 | Depths:4 | Paralysed by a floating eye for 2 turns
 59386 | Depths:3 | Paralysed by a floating eye for 4 turns
 59400 | Depths:3 | Reached XP level 23. HP: 84/160 MP: 27/32
 59932 | Depths:4 | Reached skill level 10 in Dodging
 60399 | Depths:4 | Noticed Frederick
 60408 | Depths:4 | Killed Frederick
 61571 | Depths:5 | Entered Level 5 of the Depths
 61836 | Depths:5 | Noticed a caustic shrike
 61845 | Depths:5 | Killed a caustic shrike
 62121 | Depths:5 | Found a gate to the Realm of Zot.
 62230 | Depths:5 | Found a glowing silver altar of Zin.
 62231 | Depths:5 | Found a shimmering altar of Xom.
 62231 | Depths:5 | Found a shattered altar of Ashenzari.
 62308 | Depths:5 | Killed a juggernaut
 62323 | Depths:5 | Noticed a juggernaut
 62339 | Depths:5 | Killed a juggernaut
 62353 | Depths:5 | Noticed an ancient lich
 62355 | Depths:5 | Paralysed by an ancient lich for 7 turns
 62372 | Depths:5 | Killed an ancient lich
 62372 | Depths:5 | Reached XP level 24. HP: 125/166 MP: 32/32
 62922 | Depths:5 | Reached skill level 15 in Armour
 62924 | Depths:5 | Noticed a juggernaut
 62925 | Depths:5 | Noticed a caustic shrike
 62939 | Depths:5 | Killed a juggernaut
 62955 | Depths:5 | Killed a caustic shrike
 63463 | Depths:5 | Noticed a juggernaut
 63486 | Depths:5 | Killed a juggernaut
 63566 | Depths:5 | Noticed a juggernaut
 63581 | Depths:5 | Killed a juggernaut
 63595 | Depths:5 | Noticed a juggernaut
 63611 | Depths:5 | Killed a juggernaut
 63697 | Depths:5 | Got a slimy helmet
 63716 | Depths:5 | Identified the +0 helmet of Past Mistakes {Str+3} (You found it on level 5 of the Depths)
 64177 | Vaults:5 | Entered Level 5 of the Vaults
 64285 | Vaults:4 | Reached XP level 25. HP: 89/171 MP: 20/32
 64556 | Vaults:5 | Noticed Jory
 64868 | Vaults:5 | HP: 7/171 [titan (30)]
 64878 | Vaults:5 | Killed Jory
 66187 | Vaults:5 | Noticed Margery
 66337 | Vaults:5 | Killed Margery
 66465 | Vaults:5 | Found Teraor's Antique Armour Shoppe.
 66467 | Vaults:5 | Found Jacsim's Antique Armour Shoppe.
 66475 | Vaults:5 | Bought a faintly humming chain mail for 294 gold pieces
 66475 | Vaults:5 | Identified the cursed +1 chain mail of Vlad {+Inv rN+ Str+3 Dex-3} (You bought it in a shop on level 5 of the Vaults)
 66520 | Vaults:5 | Reached XP level 26. HP: 176/177 MP: 32/32
 66728 | Vaults:5 | Got a silver rune of Zot
 67376 | Depths:2 | Voluntarily entered the Abyss.
 67508 | Abyss:1  | Gained mutation: Your body sometimes deteriorates upon taking damage. [a neqoxec]
 67742 | Abyss:3  | Found a corrupted altar of Lugonu.
 67858 | Abyss:3  | Found a basalt altar of Yredelemnul.
 68409 | Abyss:3  | Paralysed by you for 5 turns
 68475 | Abyss:3  | HP: 2/177 [quicksilver dragon/bolt of dispelling energy (27)]
 68484 | Abyss:3  | Killed from afar by a starcursed mass

Skill      XL: |  1  2  3  4  5  6  7  8  9 10 11 12 13 14 15 16 17 18 19 20 21 22 23 24 25 26 |
---------------+-------------------------------------------------------------------------------+-----
Maces & Flails | 3 4 5 6 8 9 |  9.2
Shields        | 4 5 6 8 9 10 11 12 13 15 17 18 | 18.8
Fighting       | 4 5 7 8 9 11 13 16 17 19 20 21 | 21.3
Axes           | 3 6 9 11 12 14 15 | 15.9
Invocations    | 5 8 10 11 12 | 12.0
Evocations     | 5 7 9 10 12 | 12.3
Air Magic      | 1 4 7 8 10 | 10.3
Dodging        | 5 9 12 13 14 | 14.9
Armour         | 8 11 14 16 18 19 | 19.6
Spellcasting   | 2 4 |  4.3
Charms         | 2 4 |  4.0
Translocations | 3 |  3.0

Action                   |  1- 3 |  4- 6 |  7- 9 | 10-12 | 13-15 | 16-18 | 19-21 | 22-24 | 25-27 || total
-------------------------+-------+-------+-------+-------+-------+-------+-------+-------+-------++-------
Melee: Flail             |   130 |   179 |   458 |       |       |       |       |       |       ||   767
       Hand axe          |       |       |    83 |  1090 |  1825 |  2245 |   637 |    12 |       ||  5892
       Scimitar          |       |       |       |    19 |    15 |       |       |       |       ||    34
       Sacred scourge    |       |       |       |       |       |    31 |  1082 |  1559 |  1048 ||  3720
Throw: Throwing net      |       |       |       |       |     1 |     2 |       |       |     1 ||     4
 Cast: Swiftness         |       |       |       |       |       |       |     1 |     1 |       ||     2
       Shroud of Golubri |       |       |       |       |       |       |       |     8 |       ||     8
Invok: Divine Shield     |       |       |       |       |     4 |    21 |    39 |    46 |    22 ||   132
       Summon Divine War |       |       |       |       |       |    10 |    18 |     5 |    12 ||    45
       Brand Weapon With |       |       |       |       |       |     1 |       |       |       ||     1
       Cleansing Flame   |       |       |       |       |       |       |     2 |     4 |     7 ||    13
 Abil: Fly               |       |       |       |       |     1 |       |       |       |     1 ||     2
       Evoke Blink       |       |       |       |       |     1 |     1 |     3 |       |       ||     5
       Stop Flying       |       |       |       |       |       |       |       |       |     2 ||     2
Evoke: Box of beasts     |       |       |       |       |       |     1 |       |     1 |     3 ||     5
       Wand              |       |       |       |       |       |       |       |       |     1 ||     1
  Use: Scroll            |     3 |       |    20 |     2 |     8 |    11 |    30 |    11 |    14 ||    99
       Potion            |       |       |     6 |       |    16 |     2 |    21 |     5 |    11 ||    61
 Stab: Fleeing           |       |       |     1 |       |       |       |       |       |       ||     1
       Sleeping          |       |       |       |     4 |       |       |       |       |       ||     4
       Distracted        |       |       |       |     3 |       |       |       |       |       ||     3
  Eat: Chunk             |       |     6 |    11 |    29 |    32 |    30 |    27 |    19 |       ||   154
       Fruit             |       |       |     2 |       |    10 |     8 |       |     5 |       ||    25
       Meat ration       |       |       |     2 |       |     1 |     2 |     3 |     3 |     3 ||    14
       Royal jelly       |       |       |       |       |       |     1 |       |       |       ||     1
Armor: Scale mail        |    69 |    88 |       |       |   225 |   649 |   299 |   309 |    23 ||  1662
       Leather armour    |       |       |   160 |   189 |   179 |       |       |       |       ||   528
       Gold dragon scale |       |       |       |       |       |       |       |       |   201 ||   201
Dodge: Dodged            |    48 |    67 |   138 |   161 |   300 |   355 |   209 |   297 |   152 ||  1727
Block: Shield            |    75 |    97 |   268 |   483 |   944 |  1436 |   988 |  1139 |   614 ||  6044
       Reflection        |       |       |       |       |    42 |    62 |    72 |    41 |    22 ||   239
       Rpst.: Scimitar   |       |       |       |     1 |     2 |       |       |       |       ||     3
